 Dungeon Crawl Stone Soup version 0.28-a0-1365-g7e0445c96d (webtiles) character file.

Game seed: 5760893116757756323

63 Lekart the Skirmisher (level 3, 0/33 HPs)
             Began as a Draconian Chaos Knight on Dec 31, 2021.
             Was a Plaything of Xom.
             Slain by Crazy Yiuf (2 damage)
             ... on level 2 of the Dungeon.
             The game lasted 00:02:02 (2430 turns).

Lekart the Skirmisher (Draconian Chaos Knight)      Turns: 2430, Time: 00:02:03

Health: 0/33       AC:  9    Str: 14    XL:     3   Next: 89%
Magic:  0/3        EV: 12    Int: 12    God:    Xom [...*..]
Gold:   47         SH:  0    Dex: 12    Spells: 2/2 levels left

rFire   . . .      SeeInvis .   h - +2 battleaxe (freeze)
rCold   . . .      Faith    .   (shield currently unavailable)
rNeg    . . .      Spirit   .   (armour unavailable)
rPois   .          Reflect  .   (helmet restricted)
rElec   .          Harm     .   (no cloak)
rCorr   .          Rampage  .   (no gloves)
Will    .....                   (no boots)
Stlth   +.........              (no amulet)
HPRegen 0.11/turn               c - +4 ring of protection
MPRegen 0.08/turn               (no ring)

@: slowed, very slow
A: AC +5, unfitting armour, cold-blooded
a: Renounce Religion


You were on level 2 of the Dungeon.
You worshipped Xom.
You were a favourite toy of Xom.
You visited 1 branch of the dungeon, and saw 2 of its levels.

You collected 47 gold pieces.

Inventory:

Hand Weapons
 a - a +0 hand axe of chaos
 h - a +2 battleaxe of freezing (weapon)
Jewellery
 c - a +4 ring of protection (left hand)
Scrolls
 b - a scroll of enchant weapon {unknown}
 d - a scroll of vulnerability {unknown}
 e - a scroll of identify {unknown}
Potions
 f - a potion of cancellation {unknown}
 g - a potion of berserk rage {unknown}
 i - a potion of lignification {unknown}


   Skills:
 + Level 4.0 Fighting
 + Level 3.8 Axes
 + Level 2.6 Dodging
 + Level 0.4 Stealth


You had 2 spell levels left.
You didn't know any spells.
Your spell library contained the following spells:

 Spells                   Type           Power      Damage    Failure   Level
 Stone Arrow              Conj/Erth      0%         3d7       69%         3
 Lehudib's Crystal Spear  Conj/Erth      0%         10d2      100%        8
 Animate Armour           Summ/Erth      Unusable   N/A       N/A         4

Dungeon Overview and Level Annotations

Branches:
Dungeon (2/15)

Altars:

Annotations:
D:2 Crazy Yiuf


Innate Abilities, Weirdness & Mutations

Your plain brown scales are hard. (AC +5)
You cannot fit into any form of body armour.
You are cold-blooded and may be slowed by cold attacks.


Message History

Your trail of clouds dissipates.
Key pressed, stopping explore.
No target in view!
No reachable target in view!
Could not explore, unopened runed door.
No reachable target in view!
Could not explore, unopened runed door.
No reachable target in view!
No reachable target in view!
You open the door. You closely miss Crazy Yiuf.
Crazy Yiuf considers dialectic materialism.
Crazy Yiuf closely misses you.
Crazy Yiuf says, "Reason is nothing but a wonderful and unintelligible Instinct in our souls."
Crazy Yiuf hits you with a +3 quarterstaff of chaos.
You feel your power leaking away.
You completely miss Crazy Yiuf.
Your tail-slap misses Crazy Yiuf.
Crazy Yiuf hits you with a +3 quarterstaff of chaos!
You hit Crazy Yiuf. You freeze Crazy Yiuf.
Crazy Yiuf is moderately wounded.
Crazy Yiuf hits you with a +3 quarterstaff of chaos!
Crazy Yiuf freezes you.
* * * LOW HITPOINT WARNING * * *
Crazy Yiuf completely misses you.
You are too injured to fight recklessly!
You are too injured to fight recklessly!
You barely miss Crazy Yiuf.
Crazy Yiuf is moderately wounded.
Crazy Yiuf yells, "Rot shoe action!"
Crazy Yiuf barely misses you.
You hit Crazy Yiuf. You freeze Crazy Yiuf.
Crazy Yiuf is severely wounded.
Crazy Yiuf hits you with a +3 quarterstaff of chaos.
* * * LOW HITPOINT WARNING * * *
You feel yourself slow down. Crazy Yiuf freezes you.
* * * LOW HITPOINT WARNING * * *
Crazy Yiuf says, "My goal is simple.
It is a complete understanding of the universe, why it is as it is and why it exists at all."
Crazy Yiuf hits you with a +3 quarterstaff of chaos.
You die...

###..####
#...
#....#
#..<
♣.P.P♣
#...
♣.P.♣♣
#...
♣♣.♣♣
#... ♣.♣♣
#... ♣♣.♣
#... ♣.♣♣
#... ♣♣@♣
##.. #g#
#.. ...
### #...#
#..)#
#####


You could see Crazy Yiuf.

Vanquished Creatures
  An adder (D:2)
  A worm (D:2)
  5 bats (D:1)
  3 endoplasms
  4 goblins
  4 hobgoblins
  4 jackals (D:1)
  5 quokkas
  5 ball pythons
  3 frilled lizards
  5 kobolds
  7 rats
47 creatures vanquished.

Notes
Turn   | Place    | Note
-------+----------+-------------------------------------------
     0 | D:1      | Lekart the Draconian Chaos Knight began the quest for the
                  | Orb.
     0 | D:1      | Reached XP level 1. HP: 19/19 MP: 1/1
   149 | D:1      | XOM: divination: magic mapping
   239 | D:1      | Reached XP level 2. HP: 9/26 MP: 2/2
  1082 | D:1      | XOM: divination: detect items
  1234 | D:1      | Reached skill level 4 in Fighting
  1234 | D:1      | Reached XP level 3. HP: 31/33 MP: 3/3
  1584 | D:2      | XOM: chaos upgrade
  1701 | D:2      | XOM: silly message
  1741 | D:2      | XOM: smoke on damage
  1778 | D:2      | XOM: god gift: 3 silver boomerangs
  1794 | D:2      | XOM: god gift: +2 battleaxe of freezing
  1886 | D:2      | Found a runed translucent door.
  1887 | D:2      | Noticed Crazy Yiuf
  2333 | D:2      | XOM: cloud trail
  2384 | D:2      | XOM: scenery: summon butterflies
  2430 | D:2      | Slain by Crazy Yiuf

Illustrated notes

Levels and vault maps discovered:
D:1:      scummos_arrival_gate, layout_loops_ring
D:2:      minmay_door_path, layout_basic, chequers_serial_rivers_small_b,
          uniq_crazy_yiuf_cottage

Skill      XL: |  1  2 |
---------------+-------+-----
Fighting       | 4 |  4.0
Axes           | |  3.8
Dodging        | |  2.6
Stealth        | |  0.4

Action                   || total
-------------------------++-------
Melee: Hand axe          ||   126
       Tailslap          ||    11
       Battleaxe         ||    20
 Stab: Paralysed         ||     2
       Sleeping          ||     2
Armor: Skin              ||    50
Dodge: Dodged            ||   115

Table legend: (Time is in decaauts)
 A = Elapsed time spent in this place.
 B = Non-inter-level travel time spent in this place.
 C = Inter-level travel time spent in this place.
 D = Time resting spent in this place.
 E = Time spent auto-exploring this place.
 F = Levels seen in this place.
 G = Mean time per level.
                   A        B        C        D        E       F      G
               +--------+--------+--------+--------+--------+-----+--------+
         Total |   2458 |   2389 |     69 |    313 |   1754 |   2 | 1229.0 |
       Dungeon |   2458 |   2389 |     69 |    313 |   1754 |   2 | 1229.0 |
               +--------+--------+--------+--------+--------+-----+--------+

Top non-repeatable levels by time:
     D:1: 1459 daAuts
     D:2: 998 daAuts
